A - U25
HICKORY CRAWDADS @ LAKEWOOD BLUECLAWS
08/12/2052
 
TOP OF THE 1ST
Kannapolis Intimidators batting - Pitching for Asheville Tourists : RHP Bret Fields
Pitching: RHP Bret Fields
Batting: LHB Owen White 0-0: Ball
1-0: Called Strike
1-1: Swinging Strike
1-2: Ball
2-2: Foul Ball, location: 2F
2-2: Strikes out looking
Batting: RHB Saul Hamos 0-0: Called Strike
0-1: Foul Ball, location: 2F
0-2: Strikes out swinging
Batting: RHB Seth Whitaker 0-0: Foul Ball, location: 2F
0-1: Ball
1-1: Foul Ball, location: 2F
1-2: Strikes out swinging
Top of the 1st over - 0 runs, 0 hits, 0 errors, 0 left on base; Kannapolis 0 - Asheville 0
BOTTOM OF THE 1ST
Asheville Tourists batting - Pitching for Kannapolis Intimidators : RHP Marv Bland
Pitching: RHP Marv Bland
Batting: LHB Brad McGee 0-0: Bunt missed!
0-1: Foul Ball, location: 2F
0-2: Foul Ball, location: 2F
0-2: Ball
1-2: Foul Ball, location: 2F
1-2: Foul Ball, location: 2F
1-2: Strikes out swinging
Batting: RHB Tim Lumpkins 0-0: Foul Ball, location: 2F
0-1: Ball
1-1: Ball
2-1: Called Strike
2-2: Ground out 6-3 (Groundball, 56, EV 78.1 MPH)
Batting: RHB Gil Gowing 0-0: Foul Ball, location: 2F
0-1: Fly out, F8 (Line Drive, 8LM, EV 103.1 MPH)
Bottom of the 1st over - 0 runs, 0 hits, 0 errors, 0 left on base; Kannapolis 0 - Asheville 0
TOP OF THE 2ND
Kannapolis Intimidators batting - Pitching for Asheville Tourists : RHP Bret Fields
Batting: RHB Pierson Franco 0-0: Ground out 6-3 (Groundball, 6, EV 85.0 MPH)
Batting: LHB Michael Boldt 0-0: Ball
1-0: Ball
2-0: Foul Ball, location: 2F
2-1: Fly out, F5 (Popup, 56S, EV 83.8 MPH)
Batting: RHB Lester Hampton 0-0: Ball
1-0: Ball
2-0: Foul Ball, location: 2F
2-1: Ball
3-1: Called Strike
3-2: Ground out 6-3 (Groundball, 6, EV 99.4 MPH)
Top of the 2nd over - 0 runs, 0 hits, 0 errors, 0 left on base; Kannapolis 0 - Asheville 0
BOTTOM OF THE 2ND
Asheville Tourists batting - Pitching for Kannapolis Intimidators : RHP Marv Bland
Batting: LHB Tony Siguenza 0-0: Ground out 4-3 (Groundball, 4, EV 76.2 MPH)
Batting: RHB Frank Schwab 0-0: Swinging Strike
0-1: Ball
1-1: Swinging Strike
1-2: Ground out 1-3 (Groundball, 13S, EV 73.1 MPH)
Batting: RHB Anthony Rowland 0-0: Swinging Strike
0-1: Swinging Strike
0-2: Strikes out swinging
Bottom of the 2nd over - 0 runs, 0 hits, 0 errors, 0 left on base; Kannapolis 0 - Asheville 0
TOP OF THE 3RD
Kannapolis Intimidators batting - Pitching for Asheville Tourists : RHP Bret Fields
Batting: RHB J.J. Kieffer 0-0: Fly out, F8 (Flyball, 8LXD, EV 101.2 MPH)
Batting: SHB Jimmy Cameron 0-0: Ground out 4-3 (Groundball, 34D, EV 96.9 MPH)
Batting: RHB Troy Humphries 0-0: Ground out 6-3 (Groundball, 6, EV 90.6 MPH)
Top of the 3rd over - 0 runs, 0 hits, 0 errors, 0 left on base; Kannapolis 0 - Asheville 0
BOTTOM OF THE 3RD
Asheville Tourists batting - Pitching for Kannapolis Intimidators : RHP Marv Bland
Batting: RHB Jorge De La Cruz 0-0: Foul Ball, location: 2F
0-1: Ball
1-1: Swinging Strike
1-2: Ball
2-2: Ground out 4-3 (Groundball, 4, EV 104.4 MPH)
Batting: RHB Salvador Ferreira 0-0: Fly out, F4 (Line Drive, 4, EV 68.8 MPH)
Batting: RHB Alex Bonner 0-0: Foul Ball, location: 2F
0-1: Foul Ball, location: 2F
0-2: Ball
1-2: Fly out, F8 (Flyball, 78S, EV 90.6 MPH)
Bottom of the 3rd over - 0 runs, 0 hits, 0 errors, 0 left on base; Kannapolis 0 - Asheville 0
TOP OF THE 4TH
Kannapolis Intimidators batting - Pitching for Asheville Tourists : RHP Bret Fields
Batting: LHB Owen White 0-0: Ball
1-0: Ball
2-0: Foul Ball, location: 2F
2-1: Called Strike
2-2: Ball
3-2: Ground out 4-3 (Groundball, 4MD, EV 89.4 MPH)
Batting: RHB Saul Hamos 0-0: Ball
1-0: Fly out, F9 (Flyball, 9LS, EV 89.4 MPH)
Batting: RHB Seth Whitaker 0-0: Called Strike
0-1: Swinging Strike
0-2: SINGLE (Groundball, 56D, EV 100.0 MPH)
Batting: RHB Pierson Franco 0-0: Fly out, F8 (Flyball, 8RM, EV 97.5 MPH)
Top of the 4th over - 0 runs, 1 hit, 0 errors, 1 left on base; Kannapolis 0 - Asheville 0
BOTTOM OF THE 4TH
Asheville Tourists batting - Pitching for Kannapolis Intimidators : RHP Marv Bland
Batting: LHB Brad McGee 0-0: DOUBLE (Line Drive, 5D, EV 110.6 MPH)
Batting: RHB Tim Lumpkins 0-0: Fly out, F8 (Flyball, 78D, EV 106.9 MPH)
Batting: RHB Gil Gowing 0-0: Ball
1-0: Ball
2-0: Ball
3-0: Base on Balls
Batting: LHB Tony Siguenza 0-0: Ball
1-0: Ball
2-0: Fielders Choice at 2nd, 6-4 (Groundball, 6M, EV 109.4 MPH)
Brad McGee to third
Batting: RHB Frank Schwab 0-0: Foul Ball, location: 2F
0-1: Ball
1-1: Foul Ball, location: 2F
1-2: Foul Ball, location: 2F
1-2: Foul Ball, location: 2F
1-2: SINGLE (Groundball, P, EV 93.8 MPH) (infield hit)
Brad McGee scores
Tony Siguenza to second
Batting: RHB Anthony Rowland 0-0: Ball
1-0: Foul Ball, location: 2F
1-1: Ball
2-1: Fielders Choice at 2nd, 6-4 (Groundball, 56, EV 90.6 MPH)
Bottom of the 4th over - 1 run, 2 hits, 0 errors, 2 left on base; Kannapolis 0 - Asheville 1
TOP OF THE 5TH
Kannapolis Intimidators batting - Pitching for Asheville Tourists : RHP Bret Fields
Batting: LHB Michael Boldt 0-0: Ball
1-0: Called Strike
1-1: Fly out, F8 (Flyball, 8RD, EV 73.1 MPH)
Batting: RHB Lester Hampton 0-0: Ball
1-0: Called Strike
1-1: Ball
2-1: Foul Ball, location: 2F
2-2: Ground out 5-3 (Groundball, 56S, EV 84.4 MPH)
Batting: RHB J.J. Kieffer 0-0: Ball
1-0: Called Strike
1-1: Ground out 5-3 (Groundball, 56, EV 83.8 MPH)
Top of the 5th over - 0 runs, 0 hits, 0 errors, 0 left on base; Kannapolis 0 - Asheville 1
BOTTOM OF THE 5TH
Asheville Tourists batting - Pitching for Kannapolis Intimidators : RHP Marv Bland
Batting: RHB Jorge De La Cruz 0-0: Fly out, F8 (Flyball, 8LD, EV 104.4 MPH)
Batting: RHB Salvador Ferreira 0-0: Called Strike
0-1: Ball
1-1: Foul Ball, location: 2F
1-2: Ground out 6-3 (Groundball, 4M, EV 79.4 MPH)
Batting: RHB Alex Bonner 0-0: Fly out, F8 (Flyball, 8RD, EV 99.4 MPH)
Bottom of the 5th over - 0 runs, 0 hits, 0 errors, 0 left on base; Kannapolis 0 - Asheville 1
TOP OF THE 6TH
Kannapolis Intimidators batting - Pitching for Asheville Tourists : RHP Bret Fields
Batting: SHB Jimmy Cameron 0-0: Ball
1-0: Ball
2-0: Ball
3-0: Base on Balls
Batting: RHB Troy Humphries 0-0: Ball
1-0: Ball
2-0: Sac Bunt to 13 - play at first, batter OUT! 1-4
Jimmy Cameron to second
Batting: LHB Owen White 0-0: Called Strike
0-1: Ball
1-1: Foul Ball, location: 2F
1-2: Ball
2-2: Foul Ball, location: 2F
2-2: Ball
3-2: Foul Ball, location: 2F
3-2: Foul Ball, location: 2F
3-2: Base on Balls
Batting: RHB Saul Hamos 0-0: Called Strike
0-1: Ball
1-1: Called Strike
1-2: Ball
2-2: Fly out, F8 (Flyball, 8RXD, EV 107.5 MPH)
Runner from 2nd tags up, SAFE at 3rd, no throw by CF
Batting: RHB Seth Whitaker 0-0: Ball
1-0: Called Strike
1-1: Ball
2-1: Foul Ball, location: 2F
2-2: Ball
3-2: Base on Balls
Owen White to second
Batting: RHB Pierson Franco 0-0: Ground out 5-3 (Groundball, 56S, EV 92.5 MPH)
Top of the 6th over - 0 runs, 0 hits, 0 errors, 3 left on base; Kannapolis 0 - Asheville 1
BOTTOM OF THE 6TH
Asheville Tourists batting - Pitching for Kannapolis Intimidators : RHP Marv Bland
Batting: LHB Brad McGee 0-0: Ball
1-0: Ground out 5-3 (Groundball, 56S, EV 68.1 MPH)
Batting: RHB Tim Lumpkins 0-0: Called Strike
0-1: SOLO HOME RUN (Flyball, 7LD, EV 94.4 MPH), Distance : 341 ft
Batting: RHB Gil Gowing 0-0: Ball
1-0: Called Strike
1-1: Fly out, F8 (Flyball, 8RM, EV 91.2 MPH)
Batting: LHB Tony Siguenza 0-0: Foul Ball, location: 2F
0-1: Ball
1-1: Ball
2-1: Called Strike
2-2: Foul Ball, location: 2F
2-2: Strikes out looking
Bottom of the 6th over - 1 run, 1 hit, 0 errors, 0 left on base; Kannapolis 0 - Asheville 2
TOP OF THE 7TH
Kannapolis Intimidators batting - Pitching for Asheville Tourists : RHP Bret Fields
Batting: LHB Michael Boldt 0-0: Ball
1-0: Fly out, F9 (Flyball, 9S, EV 80.0 MPH)
Pitching: RHP Josh Boggs
Batting: RHB Lester Hampton 0-0: Fly out, F9 (Flyball, 9D, EV 98.1 MPH)
Pinch Hitting: LHB Ryan Snyder 0-0: Foul Ball, location: 2F
0-1: Swinging Strike
0-2: Ball
1-2: Ball
2-2: Strikes out swinging
Top of the 7th over - 0 runs, 0 hits, 0 errors, 0 left on base; Kannapolis 0 - Asheville 2
BOTTOM OF THE 7TH
Asheville Tourists batting - Pitching for Kannapolis Intimidators : RHP Marv Bland
Now in CF: Ryan Snyder
Batting: RHB Frank Schwab 0-0: Ball
1-0: Ball
2-0: Foul Ball, location: 2F
2-1: Ball
3-1: Base on Balls
Batting: RHB Anthony Rowland 0-0: Bunted foul
0-1: Sac Bunt to 25 - play at first, batter OUT! 5-4
Frank Schwab to second
Batting: RHB Jorge De La Cruz 0-0: Ball
1-0: Ground out U3 (Groundball, 3, EV 103.1 MPH)
Frank Schwab to third
Batting: RHB Salvador Ferreira 0-0: Called Strike
0-1: Fly out, F4 (Popup, 3S, EV 83.8 MPH)
Bottom of the 7th over - 0 runs, 0 hits, 0 errors, 1 left on base; Kannapolis 0 - Asheville 2
TOP OF THE 8TH
Kannapolis Intimidators batting - Pitching for Asheville Tourists : RHP Josh Boggs
Batting: SHB Jimmy Cameron 0-0: Ball
1-0: Called Strike
1-1: Ball
2-1: Foul Ball, location: 2F
2-2: Foul Ball, location: 2F
2-2: Foul Ball, location: 2F
2-2: Ground out U3 (Groundball, 34, EV 96.9 MPH)
Pinch Hitting: LHB Rush Carson 0-0: Foul Ball, location: 2F
0-1: Called Strike
0-2: Foul Ball, location: 2F
0-2: SINGLE (Flyball, 6D, EV 95.6 MPH)
Batting: LHB Owen White 0-0: Called Strike
0-1: Foul Ball, location: 2F
0-2: Ball
1-2: Foul Ball, location: 2F
1-2: Ball
2-2: 2-RUN HOME RUN (Flyball, 89XD, EV 98.8 MPH), Distance : 395 ft
Batting: RHB Saul Hamos 0-0: Ball
1-0: SINGLE (Line Drive, 9S, EV 103.8 MPH)
Batting: RHB Seth Whitaker 0-0: Called Strike
0-1: SINGLE (Groundball, 56S, EV 74.4 MPH) (infield hit)
Saul Hamos to second
Batting: RHB Pierson Franco 0-0: Called Strike
0-1: Called Strike
0-2: Strikes out looking
Batting: LHB Michael Boldt 0-0: Ball
1-0: Swinging Strike
1-1: Ball
2-1: Reached via error on a dropped throw from 2B, E3 (Groundball, 13, EV 80.0 MPH)
Saul Hamos to third
Seth Whitaker to second
Batting: LHB Nifty Villar 0-0: Ball
1-0: Called Strike
1-1: Ball
2-1: Ball
3-1: Called Strike
3-2: Foul Ball, location: 2F
3-2: Foul Ball, location: 2F
3-2: Strikes out swinging
Top of the 8th over - 2 runs, 4 hits, 1 error, 3 left on base; Kannapolis 2 - Asheville 2
BOTTOM OF THE 8TH
Asheville Tourists batting - Pitching for Kannapolis Intimidators : RHP Marv Bland
Now at 2B: Seth Whitaker
Now in CF: Rush Carson
Now in RF: Ryan Snyder
Batting: RHB Alex Bonner 0-0: Swinging Strike
0-1: Swinging Strike
0-2: Strikes out swinging
Batting: LHB Brad McGee 0-0: Foul Ball, location: 2F
0-1: Foul Ball, location: 2F
0-2: Ball
1-2: Ball
2-2: Strikes out looking
Batting: RHB Tim Lumpkins 0-0: Ball
1-0: Fly out, F5 (Popup, 5SF, EV 71.2 MPH)
Bottom of the 8th over - 0 runs, 0 hits, 0 errors, 0 left on base; Kannapolis 2 - Asheville 2
TOP OF THE 9TH
Kannapolis Intimidators batting - Pitching for Asheville Tourists : RHP Josh Boggs
Pitching: LHP Chase Keane
Pinch Hitting: RHB Kevon Baker 0-0: Ball
1-0: Ball
2-0: Called Strike
2-1: Fly out, F9 (Flyball, 9, EV 95.6 MPH)
Batting: SHB Jimmy Cameron 0-0: Called Strike
0-1: Swinging Strike
0-2: Ground out 6-3 (Groundball, 6, EV 91.2 MPH)
Batting: LHB Rush Carson 0-0: Ball
1-0: Ball
2-0: Swinging Strike
2-1: Ground out 4-3 (Groundball, 4, EV 91.2 MPH)
Top of the 9th over - 0 runs, 0 hits, 0 errors, 0 left on base; Kannapolis 2 - Asheville 2
BOTTOM OF THE 9TH
Asheville Tourists batting - Pitching for Kannapolis Intimidators : RHP Marv Bland
Pitching: RHP Solomon Pemberton
Now in RF: Jordan Zapata
Batting: RHB Gil Gowing 0-0: Ball
1-0: Called Strike
1-1: Foul Ball, location: 2F
1-2: Foul Ball, location: 2F
1-2: Ball
2-2: Ball
3-2: SINGLE (Flyball, 3D, EV 96.9 MPH)
Batting: LHB Tony Siguenza 0-0: Called Strike
0-1: Foul Ball, location: 2F
0-2: Fielders Choice at 2nd, 4-6 (Groundball, 4, EV 84.4 MPH)
Batting: RHB Frank Schwab 0-0: Called Strike
0-1: Swinging Strike
0-2: Strikes out swinging
Pinch Hitting: LHB Apollito Badillo 0-0: Ball
1-0: Called Strike
1-1: Ground out 4-3 (Groundball, 4MD, EV 108.1 MPH)
Bottom of the 9th over - 0 runs, 1 hit, 0 errors, 1 left on base; Kannapolis 2 - Asheville 2
TOP OF THE 10TH
Kannapolis Intimidators batting - Pitching for Asheville Tourists : LHP Chase Keane
Now at 2B: Harlan Leclerc
Batting: LHB Owen White 0-0: Foul Ball, location: 2F
0-1: Called Strike
0-2: SINGLE (Groundball, 34S, EV 68.1 MPH) (infield hit)
Batting: RHB Saul Hamos 0-0: Called Strike
0-1: Ball
1-1: Sac Bunt to 5S - play at first, batter OUT! 5-4
Owen White to second
Batting: RHB Seth Whitaker 0-0: Called Strike
0-1: Foul Ball, location: 2F
0-2: Ball
1-2: Foul Ball, location: 2F
1-2: Ball
2-2: Ground out 4-3 (Groundball, 4, EV 85.6 MPH)
Owen White to third
Batting: RHB Pierson Franco 0-0: Intentional Walk
Batting: LHB Michael Boldt 0-0: Called Strike
0-1: Hit by Pitch
Pierson Franco to second
Batting: LHB Nifty Villar 0-0: GRAND SLAM HOME RUN (Flyball, 9D, EV 98.8 MPH), Distance : 353 ft
Pitching: RHP Darius Scheick
Batting: LHB Jordan Zapata 0-0: Ball
1-0: Ball
2-0: Swinging Strike
2-1: Foul Ball, location: 2F
2-2: Foul Ball, location: 2F
2-2: Ball
3-2: Strikes out swinging
Top of the 10th over - 4 runs, 2 hits, 0 errors, 0 left on base; Kannapolis 6 - Asheville 2
BOTTOM OF THE 10TH
Asheville Tourists batting - Pitching for Kannapolis Intimidators : RHP Solomon Pemberton
Batting: RHB Jorge De La Cruz 0-0: Ball
1-0: Foul Ball, location: 2F
1-1: Ball
2-1: Ball
3-1: Base on Balls
Batting: RHB Salvador Ferreira 0-0: Foul Ball, location: 2F
0-1: Grounds into double play, 6-4-3 (Groundball, 6, EV 82.5 MPH)
Batting: RHB Alex Bonner 0-0: Swinging Strike
0-1: Ground out 6-3 (Groundball, 6, EV 86.2 MPH)
Bottom of the 10th over - 0 runs, 0 hits, 0 errors, 0 left on base; Kannapolis 6 - Asheville 2
Friday, May 3rd , 2024 - OOTP Baseball 24.11 Build 85